 Dungeon Sprint DCSS version 0.17-a0-1741-gd5e8965 (webtiles) character file.

1100000 ztt the Portalist (level 16, -38/155 HPs)
             Began as a Ghoul Warper on Aug 31, 2015.
             Was a Priest of Makhleb.
             Annihilated by a bag of meat
             ... wielding a +9 war axe
              (44 damage)
             ... in the Dungeon (Sprint VIII: "Arena of Blood").
             The game lasted 00:00:20 (11 turns).

ztt the Portalist (Ghoul Warper)                      Turns: 11, Time: 00:00:20

Health: -38/155    AC:  3    Str: 17    XL:     16   Next: 4%
Magic:  3/34       EV: 20    Int:  8    God:    Makhleb [***...]
Gold:   0          SH:  0    Dex: 13    Spells: 1 memorised, 44 levels left

rFire  . . .     SeeInvis .     k - +∞ Axe of Woe
rCold  + . .     Clarity  .     a - +0 leather armour
rNeg   + + +     SustAt   .     (no shield)
rPois  ∞         Gourm    .     (no helmet)
rElec  .         Spirit   .     (no cloak)
rCorr  .         Warding  .     (no gloves)
rMut   .         NoTele   +     (no boots)
MR     +....                    (no amulet)
Stlth  +.........               (no ring)
                                (no ring)

@: rotting, somewhat resistant to hostile enchantments, very unstealthy
A: rotting body, claws 1, carnivore 3, cold resistance 1, negative energy
resistance 3, slow healing 1, torment resistance, unbreathing
a: Minor Destruction, Lesser Servant of Makhleb, Renounce Religion


You were in the Dungeon.
You worshipped Makhleb.
Makhleb was most pleased with you.
You were not hungry.

You visited 1 branch

Inventory:

Hand weapons
 k - the +∞ Axe of Woe (weapon)
   (You found it in the Dungeon)
Missiles
 d - 5 tomahawks of dispersal (quivered)
Armour
 a - a +0 leather armour (worn)
Scrolls
 c - 2 scrolls of blinking
Potions
 f - a potion of curing
 g - a potion of heal wounds
 h - a potion of haste
 i - 2 potions of magic
 j - a potion of berserk rage
Books
 b - a book of Spatial Translocations

   Spells                             Type                      Level
   a - Apportation                    Translocation                1
   b - Blink                          Translocation                2
   c - Shroud of Golubria             Charms/Translocation         2
   d - Portal Projectile              Translocation                3
   e - Teleport Other                 Translocation                3
   f - Passage of Golubria            Translocation                4
Comestibles
 e - a meat ration


   Skills:
 + Level 17.3 Fighting
 + Level 7.3 Axes
 + Level 5.5 Throwing
 + Level 5.2 Armour
 + Level 14.9 Dodging
 + Level 16.6 Unarmed Combat
 + Level 15.4 Spellcasting
 + Level 26.1 Translocations


You had 44 spell levels left.
You knew the following spells:

 Your Spells              Type           Power        Failure   Level  Hunger
a - Apportation           Tloc           #####.....   0%          1    None


Dungeon Overview and Level Annotations

Branches:
Dungeon (1/1)

Altars:
Makhleb


Innate Abilities, Weirdness & Mutations

Your body is rotting away.
You thrive on raw meat.
You are immune to poison.
You have sharp fingernails.
You are carnivorous and can eat meat at any time.
Your flesh is cold resistant.
You are immune to negative energy.
You heal slowly when monsters are visible.
You are immune to unholy pain and torment.
You can survive without breathing.


Message History

Your Axes skill increases to level 6!
Your Armour skill increases to level 5!
Your Dodging skill increases to level 14!
Your Unarmed Combat skill increases to level 16!
Your Translocations skill increases to level 25!
You slash the bag of meat!
You slaughter the bag of meat joyfully.
You kill the bag of meat!
Makhleb accepts your kill.
You feel better.
Your Fighting skill increases to level 17!
Your Axes skill increases to level 7!
Your Spellcasting skill increases to level 15!
Your Translocations skill increases to level 26!
You have reached level 16!
You hear a shout! x12
The meat berserker hits you with a +9 battleaxe!!!!
You hear a shout! x3
The meat berserker hits you with a +9 battleaxe!!!
* * * LOW HITPOINT WARNING * * *
The bag of meat hits you with a +9 war axe!!!
You die...

...###... ..###.
........###......
#........_.....
..... #.....#
......#_.<._# .
......#.....#....
#........_.......
......)O###......
...###.)@....###.
#.Ooo...#
#..oooo.#
............
.......o.C...
............o..
..........o..##
...#.o......#.


You could see a large bag of meat (inner flame), 2 meat berserkers and 10 bags
of meat.

Vanquished Creatures
  7 orcs (D)
7 creatures vanquished.

Notes
Turn   | Place    | Note
--------------------------------------------------------------
     0 | D        | ztt the Ghoul Warper began the quest for the Orb.
     0 | D        | Reached XP level 1. HP: 17/17 MP: 2/2
     3 | D        | Noticed a bag of meat
     4 | D        | Became a worshipper of Makhleb the Destroyer
     5 | D        | Noticed a bag of meat
     6 | D        | Noticed a bag of meat
     6 | D        | Noticed a bag of meat
     7 | D        | Noticed a bag of meat
     7 | D        | Killed a bag of meat
     7 | D        | Reached skill level 11 in Fighting
     7 | D        | Reached skill level 10 in Spellcasting
     7 | D        | Reached skill level 17 in Translocations
     7 | D        | Reached XP level 2. HP: 20/40 MP: 2/12
     7 | D        | Reached XP level 3. HP: 23/47 MP: 2/14
     7 | D        | Reached XP level 4. HP: 26/55 MP: 2/15
     7 | D        | Reached XP level 5. HP: 28/60 MP: 2/17
     7 | D        | Reached XP level 6. HP: 31/68 MP: 2/18
     7 | D        | Reached XP level 7. HP: 33/74 MP: 2/20
     7 | D        | Reached XP level 8. HP: 36/82 MP: 2/21
     7 | D        | Reached XP level 9. HP: 39/89 MP: 2/22
     7 | D        | Reached XP level 10. HP: 41/95 MP: 2/23
     7 | D        | Reached XP level 11. HP: 44/102 MP: 2/24
     7 | D        | Reached XP level 12. HP: 47/110 MP: 2/25
     8 | D        | Noticed a bag of meat
     8 | D        | Noticed a bag of meat
     8 | D        | Killed a bag of meat
     8 | D        | Acquired Makhleb's first power
     8 | D        | Reached skill level 20 in Translocations
     8 | D        | Reached XP level 13. HP: 49/119 MP: 2/28
     9 | D        | Noticed a bag of meat
     9 | D        | Noticed a bag of meat
     9 | D        | Noticed a bag of meat
     9 | D        | Noticed a bag of meat
     9 | D        | Noticed a meat berserker
     9 | D        | Noticed a bag of meat
     9 | D        | Killed a bag of meat
     9 | D        | Reached skill level 21 in Translocations
     9 | D        | Reached XP level 14. HP: 76/132 MP: 2/29
     9 | D        | Killed a bag of meat
     9 | D        | Acquired Makhleb's second power
     9 | D        | Reached skill level 23 in Translocations
     9 | D        | Killed a bag of meat
     9 | D        | Reached skill level 15 in Fighting
     9 | D        | Reached skill level 5 in Axes
     9 | D        | Reached skill level 5 in Throwing
     9 | D        | Reached skill level 15 in Unarmed Combat
     9 | D        | Reached skill level 24 in Translocations
     9 | D        | Reached XP level 15. HP: 139/143 MP: 2/32
    10 | D        | Noticed a bag of meat
    10 | D        | Noticed a bag of meat
    10 | D        | Noticed a large bag of meat
    10 | D        | Noticed a meat berserker
    10 | D        | Noticed a bag of meat
    11 | D        | Noticed a bag of meat
    11 | D        | Killed a bag of meat
    11 | D        | Acquired Makhleb's third power
    11 | D        | Reached skill level 5 in Armour
    11 | D        | Reached skill level 25 in Translocations
    11 | D        | Killed a bag of meat
    11 | D        | Reached skill level 15 in Spellcasting
    11 | D        | Reached skill level 26 in Translocations
    11 | D        | Reached XP level 16. HP: 152/155 MP: 3/34
    11 | D        | HP: 6/155 [meat berserker/+9 battleaxe (71)]
    11 | D        | Annihilated by a bag of meat

Vault maps used:
D:        meatsprint

Action                   |  1- 3 |  4- 6 |  7- 9 | 10-12 | 13-15 | 16-18 || total
-------------------------+-------+-------+-------+-------+-------+-------++-------
Melee: Executioner's axe |     1 |       |       |     1 |     2 |       ||     4
